 Dungeon Crawl Stone Soup version 0.27.0-1-g7a089689b8 (webtiles) character file.

Game seed: 3714975961018883919

2919 GordonOverkill the Magician (level 9, -1/41 HPs)
             Began as a Felid Necromancer on Aug 3, 2021.
             Was a Believer of Vehumet.
             Shot with an arrow by Nessos (8 damage)
             ... on level 12 of the Dungeon.
             The game lasted 00:31:53 (16007 turns).

GordonOverkill the Magician (Felid Necromancer)    Turns: 16007, Time: 00:31:54

Health: -1/41      AC:  2    Str:  4    XL:     9   Next: 50%
Magic:  20/20      EV: 18    Int: 26    God:    Vehumet [**....]
Gold:   469        SH:  0    Dex: 16    Spells: 5/22 levels left
                                        Lives:  0   Deaths: 2

rFire    . . .     SeeInvis +     - Unarmed
rCold    . . .     Faith    .   (shield unavailable)
rNeg     . . .     Spirit   .   (armour unavailable)
rPois    .         Reflect  .   (helmet unavailable)
rElec    .         Harm     .   (cloak unavailable)
rCorr    .         Rampage  .   (gloves unavailable)
Will     +....                  (boots unavailable)
Stlth    ++........             e - amulet of regeneration
HPRegen  1.13/turn              k - ring of wizardry
MPRegen  0.17/turn              a - +6 ring of intelligence

@: lethally poisoned (-1 -> -34), hasted, very quick
A: very small, claws 1, fangs 3, see invisible, speed 1, shaggy fur 2, stealthy
paws, no weapons or thrown items, no armour, multi-lived
a: Renounce Religion


You were on level 12 of the Dungeon.
You worshipped Vehumet.
Vehumet was pleased with you.
You visited 2 branches of the dungeon, and saw 11 of its levels.

You collected 469 gold pieces.

Inventory:

Jewellery
 a - a +6 ring of intelligence (right paw)
 e - an amulet of regeneration (around neck)
 f - a ring of resist corrosion
 k - a ring of wizardry (left paw)
Wands
 j - a wand of polymorph (5)
 l - a wand of flame (29)
 r - a wand of paralysis (10)
 u - a wand of acid (7)
Scrolls
 d - a scroll of magic mapping
 m - 3 scrolls of identify
 o - 3 scrolls of amnesia
Potions
 b - a potion of cancellation
 c - a potion of curing
 g - a potion of lignification {unknown}
 h - 2 potions of brilliance
 n - 2 potions of flight
 p - 2 potions of haste
 q - a potion of mutation {unknown}
 s - 2 potions of degeneration {unknown}


   Skills:
 + Level 6.2 Fighting
 + Level 3.6 Dodging
 - Level 2.6 Stealth
 - Level 3.0 Unarmed Combat
 + Level 7.2 Spellcasting
 + Level 7.2 Conjurations
 - Level 4.0 Necromancy
 + Level 7.2 Fire Magic
 - Level 4.0 Earth Magic


You had 5 spell levels left.
You knew the following spells:

 Your Spells              Type           Power      Damage    Failure   Level
a - Pain                  Necr           100%       1d9       1%          1
b - Vampiric Draining     Necr           15%        2d8       1%          3
c - Bolt of Magma         Conj/Fire/Erth 20%        4d10      6%          5
d - Sticky Flame          Conj/Fire      46%        2d6       1%          4
e - Mephitic Cloud        Conj/Pois/Air  21%        N/A       2%          3
f - Freeze                Ice            36%        1d6       2%          1

Your spell library contained the following spells:

 Spells                   Type           Power      Damage    Failure   Level
 Animate Skeleton         Necr           60%        N/A       1%          1
 Conjure Flame            Conj/Fire      46%        6-21      1%          3
 Ignite Poison            Fire/Tmut/Pois 21%        N/A       2%          3
 Animate Dead             Necr           15%        N/A       4%          4
 Agony                    Necr           30%        N/A       13%         5


Dungeon Overview and Level Annotations

Branches:
Dungeon (9/15)             Temple (1/1) D:7
   Lair: D:8-11         Orc: D:9-12

Altars:
Ashenzari
Cheibriados
Elyvilon
Fedhas
Gozag
Kikubaaqudgha
Nemelex Xobeh
Okawaru
Ru
Trog
Uskayaw
Vehumet
Wu Jian
Xom
Yredelemnul
Zin
The Shining One

Shops:
D:3 !   D:9 ::!

Annotations:
D:3 Grinder
D:12 1 runed translucent door, Nessos; Xqipyl's ghost, journeyman GrFE


Innate Abilities, Weirdness & Mutations

You have sharp claws.
You have razor-sharp teeth.
You have supernaturally acute eyesight. (SInv)
You cover ground quickly. (Speed+)
You are covered in thick fur. (AC +2)
Your paws help you pounce on unaware monsters.
You are incapable of wielding weapons or throwing items.
You cannot wear armour.
You gain extra lives every three experience levels.


Message History

You feel strangely unstable.
A two-headed ogre comes into view.
It is wielding a +0 giant club and a +0 dire flail.
The acid dragon spits acid at you. The splash of acid misses you.
The white imp shouts, "Begone, thou foppish fen-sucked wagtail!"
You hear a shout!
Something shouts, "Begone, thou foisting kobold-kissing crab-lanthorn!"
Nessos the Markscentaur comes into view.
Your surroundings suddenly seem different.
The centaur wields a shortbow.
The centaur shoots an arrow.
The arrow hits you!
A centaur comes into view.
Found a copper wand.
A centaur comes into view. It is wielding a +0 shortbow.
As you read the scroll of fog, it crumbles to dust.
The scroll dissolves into smoke.
The centaur shoots an arrow.
The arrow misses you.
A centaur comes into view.
Nessos shouts!
Found 24 gold pieces and a scroll of teleportation.
Nessos wields a +1 longbow of flaming.
It bursts into flame!
Nessos shoots an arrow.
The arrow hits you!!
* * * LOW HITPOINT WARNING * * *
The arrow burns you.
You are poisoned.
* * * LOW HITPOINT WARNING * * *
Found 16 stones.
Okay, then.
You feel much better.
You feel very sick.
Nessos blinks!
The centaur shoots an arrow.
The arrow closely misses you.
The centaur wields a +0 shortbow.
The centaur shoots an arrow.
The arrow closely misses you.
You feel yourself speed up.
You feel very sick.
Nessos shoots an arrow.
The arrow hits you!!
Ouch! That really hurt!
* * * LOW HITPOINT WARNING * * *
The arrow burns you!
You are lethally poisoned!
You die...

**,,,,,,,,,,,,,,,,,,,,,**
**,,,,,,,............(..,**
*,,,,,,,,................,**
,,,,,,,,,.................,**
,,,,,,,,,..................,**
,,,,,,,,,...................,**
,,,,,,,,,.......?....$.....$.,**
,,,,,,,,,.....................,**
,,,,,,,,,.......@......c.......,*
,,,,,,,,,.......................,
,,,,,,,,,.......................,
,,,,,,,,,.................../...,
,,,,,,,,,.......................,
,,,,,,,,,........................
,,,,,,,,,............§§c§§§§.....
,,,,,,,,,..#.........§c§§§§......
,,,,,,,,,,*##........§§§§§.......


You could see Nessos and 2 centaurs.

Vanquished Creatures
  Pikel (D:3)
  Maurice (D:8)
  Maggie (D:9)
  A hornet (D:8)
  A slime creature (D:8)
  A meliai zombie (D:9)
  Sigmund (D:4)
  A wyvern (D:7)
  Edmund (D:6)
  3 water moccasins
  2 ice beasts
  A hornet zombie (D:8)
  5 orc warriors
  A sky beast (D:7)
  A necrophage (D:6)
  6 centaurs
  2 ogres (D:6)
  2 lemures
  A phantom (D:3)
  2 bullfrogs
  A kobold brigand (D:9)
  A gnoll sergeant (D:7)
  2 scorpions
  Dowan (D:7)
  A water moccasin skeleton (D:5)
  4 wights (D:8)
  A centaur zombie (D:8)
  A bullfrog zombie (D:7)
  7 hounds
  10 orc priests
  A jelly (D:6)
  Crazy Yiuf (D:6)
  A centaur skeleton (D:6)
  A gnoll shaman (D:8)
  2 bullfrog skeletons
  5 iguanas
  11 orc wizards
  Natasha (thrice) (D:4)
  A hound zombie (D:5)
  Robin (D:2)
  8 gnolls
  5 adders
  A shadow imp (D:7)
  2 white imps
  A worm (D:2)
  3 dart slugs
  27 orcs
  6 ball pythons
  14 endoplasms
  5 giant cockroaches
  7 hobgoblins
  A jackal (D:2)
  9 kobolds
  3 quokkas
  5 bats
  2 frilled lizards
  12 goblins
  7 rats
209 creatures vanquished.

Notes
Turn   | Place    | Note
-------+----------+-------------------------------------------
     0 | D:1      | GordonOverkill the Felid Necromancer began the quest for
                  | the Orb.
     0 | D:1      | Reached XP level 1. HP: 7/7 MP: 4/4
   775 | D:1      | Reached XP level 2. HP: 12/12 MP: 4/6
   929 | D:1      | Reached skill level 1 in Fighting
  1193 | D:1      | Reached skill level 1 in Unarmed Combat
  1767 | D:1      | Reached XP level 3. HP: 14/15 MP: 0/7
  1771 | D:1      | Learned a level 3 spell: Vampiric Draining
  2869 | D:2      | Noticed Robin
  3058 | D:2      | Killed Robin
  3607 | D:2      | Reached XP level 4. HP: 19/19 MP: 7/9
  4569 | D:3      | Noticed a phantom
  4619 | D:3      | Killed a phantom
  4620 | D:3      | Reached XP level 5. HP: 23/23 MP: 8/10
  4755 | D:3      | Found Dousmuili's Distillery.
  4818 | D:3      | Noticed Grinder
  5047 | D:3      | Found a shimmering altar of Xom.
  5048 | D:3      | Found a shimmering altar of Xom.
  5048 | D:3      | Found a shimmering altar of Xom.
  5221 | D:3      | Found a shimmering altar of Xom.
  5224 | D:3      | Found a shimmering altar of Xom.
  5224 | D:3      | Found a shimmering altar of Xom.
  5226 | D:3      | Found a shimmering altar of Xom.
  5416 | D:3      | Learned a level 5 spell: Bolt of Magma
  6120 | D:4      | Noticed an orc warrior
  6145 | D:3      | Killed an orc warrior
  6252 | D:3      | Reached skill level 1 in Conjurations
  6252 | D:3      | Gained mutation: You are covered in thick fur. (AC +2)
                  | [Felid growth]
  6252 | D:3      | Reached XP level 6. HP: 28/28 MP: 3/12
  6322 | D:4      | Reached skill level 1 in Fire Magic
  6322 | D:4      | Reached skill level 1 in Earth Magic
  6474 | D:4      | Noticed Natasha
  6478 | D:4      | Killed Natasha
  6624 | D:4      | Noticed Sigmund
  6633 | D:4      | Killed Sigmund
  6634 | D:4      | Reached XP level 7. HP: 31/31 MP: 12/14
  6786 | D:4      | Learned a level 4 spell: Sticky Flame
  6871 | D:4      | Noticed Natasha
  6882 | D:4      | Killed Natasha
  7022 | D:4      | Noticed Pikel
  7096 | D:3      | Killed Pikel
  7097 | D:3      | Reached XP level 8. HP: 25/34 MP: 2/15
  7254 | D:4      | Noticed Natasha
  7262 | D:4      | Killed Natasha
  7765 | D:5      | Entered Level 5 of the Dungeon
  8279 | D:5      | Found a blossoming altar of Fedhas.
  8928 | D:5      | Found a blossoming altar of Fedhas.
  9521 | D:6      | You fall into a shaft and drop 3 floors!
  9535 | D:9      | Found Eceuch's Book Emporium.
  9535 | D:9      | Found Zeutz's Distillery.
  9757 | D:9      | Reached XP level 9. HP: 37/39 MP: 1/17
  9866 | D:9      | Reached skill level 5 in Spellcasting
  9866 | D:9      | Reached skill level 5 in Conjurations
  9866 | D:9      | Reached skill level 5 in Fire Magic
  9943 | D:8      | Reached skill level 5 in Fighting
 10071 | D:7      | Found a staircase to the Ecumenical Temple.
 10076 | Temple   | Entered the Ecumenical Temple
 10199 | Temple   | Became a worshipper of Vehumet
 10725 | D:6      | Found a bloodstained altar of Trog.
 10881 | D:6      | Noticed Edmund
 10885 | D:6      | HP: 1/40 [centaur/arrow (8)]
 11026 | D:6      | HP: 2/40 [centaur/arrow (12)]
 11026 | D:6      | Shot with an arrow by a centaur
 11027 | D:6      | Reached XP level 8. HP: 0/37 MP: 17/17
 11063 | D:6      | Killed Edmund
 11184 | D:6      | Found a runed translucent door.
 11185 | D:6      | Noticed Crazy Yiuf
 11193 | D:6      | Killed Crazy Yiuf
 11927 | D:7      | Reached XP level 9. HP: 12/41 MP: 7/18
 12174 | D:7      | Reached * piety under Vehumet
 12174 | D:7      | Offered knowledge of Magic Dart by Vehumet.
 12235 | D:7      | Noticed Dowan
 12239 | D:7      | Noticed Duvessa
 12353 | D:7      | Killed Dowan
 12480 | D:7      | Noticed Duvessa
 12480 | D:7      | Duvessa changed into Duvessa the sky beast
 12486 | D:7      | Killed Duvessa the sky beast
 12889 | D:7      | Learned a level 3 spell: Mephitic Cloud
 14025 | D:8      | Offered knowledge of Freeze by Vehumet.
 14040 | D:7      | Learned a level 1 spell: Freeze
 14133 | D:8      | Reached ** piety under Vehumet
 14212 | D:8      | Noticed Maurice
 14221 | D:8      | Paralysed by Maurice for 4 turns
 14222 | D:8      | Killed Maurice
 14446 | D:8      | Paralysed by a hornet for 2 turns
 14447 | D:8      | HP: 2/41 [hornet (5)]
 14449 | D:8      | Mangled by a hornet
 14450 | D:8      | Reached XP level 8. HP: -8/38 MP: 6/19
 14509 | D:8      | Killed a hornet
 14510 | D:8      | Reached XP level 9. HP: 41/41 MP: 14/20
 15610 | D:9      | Noticed Maggie
 15618 | D:9      | Killed Maggie
 15735 | D:9      | Found Kaarph's Book Emporium.
 15982 | D:9      | You fall into a shaft and drop 3 floors!
 15982 | D:12     | Found a runed translucent door.
 15986 | D:12     | Noticed Xqipyl's ghost (journeyman GrFE)
 15986 | D:12     | Noticed a freezing wraith
 15991 | D:12     | Noticed a two-headed ogre
 15992 | D:12     | Noticed Nessos
 16007 | D:12     | Shot with an arrow by Nessos

Illustrated notes

Levels and vault maps discovered:
D:1:      dpeg_arrival_signposts, layout_loops_ring
D:2:      minmay_skewed_foursquare, layout_basic, uniq_robin
D:3:      layout_basic, nicolae_xom_altar_mimics, serial_shops, shop,
          dilly_ecumenical_altar_fadedgnrine, uniq_grinder
D:4:      layout_basic, kennysheep_pointless_box, uniq_natasha, uniq_pikel,
          uniq_sigmund
D:5:      layout_rooms, fedhas_bush_and_centaur_altar, kennysheep_diamond
D:6:      layout_rooms, trog_book, grunt_ministairs_13,
          chequers_serial_rivers_small_a, uniq_crazy_yiuf_cottage, uniq_edmund
D:7:      layout_loops_ring, minmay_temple_entry_nine_rooms, uniq_duvessa
D:8:      layout_basic, hangedman_decor_peaks_small, minmay_quadrilaterals,
          uniq_maurice
D:9:      layout_basic, erik_lair_dragon, serial_shops, shop, shop,
          nicolae_shop_competitors_out_of_business, nicolae_stop_n_shop_2,
          uniq_harold, uniq_maggie
D:12:     layout_big_octagon, portal_ice_cave_entry_imps,
          ebering_ghost_inner_flame, uniq_nessos
Temple:   dpeg_five_rooms_temple

Skill      XL: |  1  2  3  4  5  6  7  8  9 |
---------------+----------------------------+-----
Fighting       | 1 2 3 6 5 |  6.2
Unarmed Combat | 1 2 3 |  3.0
Spellcasting   | 3 4 7 6 |  7.2
Conjurations   | 1 2 3 4 7 |  7.2
Fire Magic     | 2 3 4 7 |  7.2
Earth Magic    | 1 3 4 |  4.0
Dodging        | 3 |  3.6
Stealth        | |  2.6
Necromancy     | |  4.0

Action                   |  1- 3 |  4- 6 |  7- 9 || total
-------------------------+-------+-------+-------++-------
Melee: Unarmed           |    15 |    10 |    68 ||    93
       Bite              |     1 |       |     7 ||     8
       Punch             |       |       |     1 ||     1
 Cast: Pain              |    86 |    67 |   106 ||   259
       Vampiric Draining |       |     9 |    71 ||    80
       Sticky Flame      |       |       |   106 ||   106
Evoke: Wand              |       |     4 |     1 ||     5
  Use: Scroll            |       |     6 |    11 ||    17
       Potion            |       |       |     8 ||     8
 Stab: Sleeping          |     2 |       |     6 ||     8
       Paralysed         |       |     7 |       ||     7
       Distracted        |       |       |     1 ||     1
Armor: Skin              |     6 |     3 |    17 ||    26
Dodge: Dodged            |    20 |    26 |   190 ||   236
